AoeStats
← Mr. Penis

Arena

505881212Analyzed
4v4 RM · 21d ago on Sep 11, 2026· 39m 25s· 8 players
Game mode
Random Map
Map size
Large (8 player)
Population
200
Speed
Normal
Resources
Standard
Victory
Conquest
Starting age
Dark Age
Ending age
Imperial Age
RankedLock teamsTeams togetherTeam positionsShared explorationLock speedFull tech treeHidden civsTurbo modeCheats
Victory
Defeat
1315
+13
🇮🇳 Tupi · India
1309
+14
🇷🇺 Burmese · Russia
1246
+16
🇺🇸 Spanish · United States
1239
+17
🇦🇹 Burgundians · Austria
1272
-16
🇬🇧 Khmer · United Kingdom
1263
-15
🇨🇳 Britons · China
1252
-15
🇪🇸 Dravidians · Spain
1229
-14
SkankHunt42
8:50 Loom
11:05 Feudal Age
9:23 Double-Bit Axe
10:55 Horse Collar
15:05 Wheelbarrow
15:02 Bow Saw
15:08 Gold Mining
15:41 Heavy Plow
17:57 Castle Age
17:29 Gold Shaft Mining
17:50 Scale Barding Armor
19:10 Chain Barding Armor
21:00 Husbandry
23:36 Cavalier
26:54 Two-Man Saw
33:40 Imperial Age
31:49 Forging
35:44 Pikeman
36:24 Scale Mail Armor
37:04 Plate Barding Armor
Gbeto Supastar
9:51 Feudal Age
10:39 Loom
13:25 Castle Age
22:25 Double-Bit Axe
24:12 Wheelbarrow
24:56 Horse Collar
25:27 Bow Saw
25:40 Heavy Plow
27:22 Hand Cart
32:11 Stone Mining
32:11 Gold Mining
35:42 Ballistics
38:08 Imperial Age
38:42 Heavy Scorpion
40:32 Chemistry
39:39 Siege Engineers
32451522431
n13s
10:58 Feudal Age
12:27 Loom
12:29 Town Watch
12:56 Double-Bit Axe
13:19 Loom
14:10 Wheelbarrow
14:14 Loom
17:16 Castle Age
15:05 Horse Collar
17:15 Fletching
17:26 Padded Archer Armor
26:02 Leather Archer Armor
26:39 Bodkin Arrow
34:46 Wheelbarrow
36:18 Hand Cart
37:58 Scale Mail Armor
38:08 Forging
37:31 Pikeman
38:12 Squires
37:58 Arson
wannabepirate
11:02 Feudal Age
14:41 Castle Age
13:17 Double-Bit Axe
15:57 Horse Collar
19:58 Gold Mining
21:33 Fletching
24:04 Padded Archer Armor
24:21 Loom
25:03 Bodkin Arrow
25:49 Town Watch
31:10 Heavy Plow
31:20 Bow Saw
31:48 Gold Shaft Mining
31:54 Gold Shaft Mining
30:49 Pikeman
31:30 Squires
36:46 Imperial Age
34:37 Scale Mail Armor
36:46 Forging
38:33 Iron Casting
39:28 Chain Mail Armor
:)
10:48 Feudal Age
15:41 Castle Age
13:37 Horse Collar
15:16 Double-Bit Axe
17:06 Heavy Plow
17:39 Loom
20:29 Wheelbarrow
24:15 Scale Barding Armor
24:20 Forging
24:59 Redemption
25:29 Hand Cart
26:43 Sanctity
26:54 Fervor
29:08 Atonement
30:56 Pikeman
31:36 Squires
31:38 Scale Mail Armor
31:48 Forging
33:02 Chain Mail Armor
34:10 Iron Casting
34:45 Fletching
34:55 Padded Archer Armor
Mr. Penis
11:20 Feudal Age
16:05 Castle Age
14:21 Horse Collar
17:48 Heavy Plow
18:50 Gold Mining
19:17 Fervor
21:52 Wheelbarrow
21:03 Loom
21:03 Town Watch
21:48 Sanctity
24:44 Stone Mining
25:35 Gold Shaft Mining
26:51 Devotion
27:56 Hand Cart
27:41 Town Patrol
28:33 Husbandry
28:43 Bloodlines
28:43 Scale Barding Armor
28:49 Forging
28:29 Fletching
30:08 Coinage
32:18 Imperial Age
30:39 Fortified Wall
32:53 Chain Barding Armor
33:33 Elite Battle Elephant
35:48 Conscription
36:01 Guilds
漠北万丈孤烟长河落日圆
Connection lost

Rejoining the realm…

Still unreachable

The connection could not be restored.

Session expired

The server has moved on; the page needs a fresh start.